Login

Arizona Coyotes vs Edmonton Oilers

Created - 14 March 2024 at 23:17

Goals
1 2 3 OT1 SO T
Arizona Coyotes 0 1 1 0 1 3
Edmonton Oilers 1 1 0 0 0 2
Shots
1 2 3 OT1 SO T
Arizona Coyotes 13 11 17 2 5 43
Edmonton Oilers 12 4 11 0 5 27

GoalsPenalties
1st period
1. Edmonton Oilers , Connor McDavid 3 (Evander Kane 3, Evan Bouchard 4) at 16:17
Sean Durzi (ARZ) for Cross-checking (Minor) at 11:15
Darnell Nurse (EDM) for Elbowing (Minor) at 19:15
2nd period
2. Arizona Coyotes , Jack McBain 1 (Matias Maccelli 2, Nick Schmaltz 2) at 9:05
3. Edmonton Oilers , Evander Kane 4 (Connor McDavid 5, Darnell Nurse 4) at 16:18 (PP)
Nick Schmaltz (ARZ) for Holding (Minor) at 3:46
Sean Durzi (ARZ) for Holding (Minor) at 15:08
Jack McBain (ARZ) for High sticking (Minor) at 17:18
3rd period
4. Arizona Coyotes , Matias Maccelli 1 (Sean Durzi 1, Nick Schmaltz 3) at 14:22
Josh Brown (ARZ) for Interference (Minor) at 8:51
Overtime #1
No Goal
Shootout
Arizona Coyotes, Patric Hornqvist - Stopped by Stuart Skinner
Edmonton Oilers, Leon Draisaitl - Stopped by Karel Vejmelka
Arizona Coyotes, Nick Schmaltz - Stopped by Stuart Skinner
Edmonton Oilers, Connor McDavid - Stopped by Karel Vejmelka
Arizona Coyotes, Lawson Crouse - Stopped by Stuart Skinner
Edmonton Oilers, Ryan Nugent-Hopkins - Stopped by Karel Vejmelka
Arizona Coyotes, Jason Zucker - Shot Misses the Net
Edmonton Oilers, Zach Hyman - Shot Misses the Net
Arizona Coyotes, Nick Bjugstad - Goal!
Edmonton Oilers, Evander Kane - Stopped by Karel Vejmelka
Goalie Stats
Karel Vejmelka (ARZ), 25 saves from 27 shots - (0.926), W, 2-2-1, 65:00 minutes
Stuart Skinner (EDM), 41 saves from 43 shots - (0.953), OTL, 2-1-2, 65:00 minutes
3 StarsOfficial
1 - Stuart Skinner (EDM)
2 - Connor McDavid (EDM)
3 - Matias Maccelli (ARZ)
Referees : Dean Morton and Marc Joannette
Linesman : Brent Colby and Scott Driscoll
Game Note
No Game Note
Finance
Level 1 -- Attendance: 5900 (98.33%) -- Ticket Income $590,000
Level 2 -- Attendance: 4621 (92.42%) -- Ticket Income $277,260
Level 3 -- Attendance: 1919 (95.95%) -- Ticket Income $67,165
Level 4 -- Attendance: 3772 (94.30%) -- Ticket Income $94,300
Luxury Box -- Attendance: 991 (99.10%) -- Ticket Income $198,200
Game was played at the Rogers Place.
Total Attendance: 17203 (95.57%)
Total Ticket Income: $1,226,925
Other Income: $601,193
Total Income: $1,828,118



Team Name Goals Shots Shots Attemp Shots Blocked PIM HIT PP PK FO%
Arizona Coyotes 34369810270 / 1 (0%)126%
Edmonton Oilers 2275972251 / 5 (20%)074%

Arizona Coyotes
Player Name POS G A P +/- PIM HIT SHT SB MP PP MP PP SHT PK MP PK SHT FO% FOT GA TA
Barrett HaytonC0000015017:110:5702:31129% 1400
Dylan GuentherRW0001006011:360:0000:0000% 100
J.J. MoserD0000013126:350:3105:4500% 000
Jack McBainC1011242113:290:0001:15043% 700
Jakub VoracekRW000001106:510:0000:0000% 000
Jason ZuckerLW0001026014:181:0200:0000% 100
Josh BrownD0001210018:220:0002:5200% 000
Juuso ValimakiD0000030017:221:2800:0000% 000
Lawson CrouseLW0000015117:580:5701:2810% 210
Liam O'BrienLW000003107:150:2400:0000% 000
Matias MaccelliLW1120013118:020:4200:0000% 210
Matt DumbaD0001011015:210:2603:2100% 003
Nick BjugstadC000001209:550:2000:51067% 310
Nick SchmaltzC0220223023:250:3304:16021% 2800
Patric HornqvistRW0000010024:280:4205:20030% 1000
Sean DurziD0110441428:371:0203:2200% 002
Travis BoydRW0000003016:110:2002:3110% 100
Victor SoderstromD0000001018:530:3102:5200% 000
Edmonton Oilers
Player Name POS G A P +/- PIM HIT SHT SB MP PP MP PP SHT PK MP PK SHT FO% FOT GA TA
Adam ErneLW0001020020:564:2500:0700% 000
Brad MaloneC000000000:430:0000:350100% 100
Brett KulakD0000000210:500:0000:0000% 000
Cody CeciD0000011220:533:4601:0400% 002
Connor McDavidC1121013022:534:2501:21075% 1610
Darnell NurseD011-1243030:025:2000:0000% 010
Derek RyanC000-1000012:470:0000:0000% 000
Evan BouchardD0110002321:323:4601:0400% 010
Evander KaneLW1121012019:594:2510:0000% 100
Leon DraisaitlC000-1024028:474:4120:50076% 3810
Mattias EkholmD000-1033029:575:2000:5500% 011
Mattias JanmarkC000-1010025:514:4100:00080% 500
Ryan McLeodC000000000:390:0000:0000% 000
Ryan Nugent-HopkinsC000-1010015:120:0000:31057% 700
Sam GagnerC000000000:270:0000:0300% 000
Vincent DesharnaisD0000020011:500:0000:5500% 000
Warren FoegeleLW000-1032013:390:0000:0000% 000
Zach HymanLW000-1047026:034:4100:310100% 100

Arizona Coyotes

5 vs 5 Forward
Line #Left WingCenterRight WingPHYDFOFWanted %Time %Time Play
1Matias MaccelliNick SchmaltzPatric Hornqvist1224035%17:06
2Lawson CrouseBarrett HaytonTravis Boyd1223027%13:22
3Jason ZuckerJack McBainDylan Guenther1222024%11:36
4Liam O'BrienNick BjugstadJakub Voracek1221014%6:51
5 vs 5 Defense
Line #DefenseDefensePHYDFOFWanted %Time %Time Play
1Sean DurziJ.J. Moser1224040%19:45
2Victor SoderstromJuuso Valimaki1223033%16:18
3Matt DumbaJosh Brown1222022%10:46
4Sean DurziJosh Brown122104%2:06
Power Play Forward
Line #Left WingCenterRight WingPHYDFOFWanted %Time %Time Play
1Jason ZuckerMatias MaccelliPatric Hornqvist1226052%1:02
2Nick SchmaltzBarrett HaytonLawson Crouse1224048%0:57
Power Play Defense
Line #DefenseDefensePHYDFOFWanted %Time %Time Play
1Sean DurziJuuso Valimaki1226074%1:28
2J.J. MoserVictor Soderstrom1224026%0:31
Penalty Kill 4 Players Forward
Line #CenterWingPHYDFOFWanted %Time %Time Play
1Patric HornqvistNick Schmaltz1226072%6:35
2Barrett HaytonTravis Boyd1224028%2:31
Penalty Kill 4 Players Defense
Line #DefenseDefensePHYDFOFWanted %Time %Time Play
1Sean DurziJ.J. Moser1226063%5:45
2Josh BrownMatt Dumba1224037%3:21
Penalty Kill 3 Players
Line #WingPHYDFOFWanted %Time %Time PlayDefenseDefensePHYDFOFWanted %Time %Time Play
1Nick Bjugstad122600%0:00 Sean DurziJ.J. Moser122600%0:00
2Patric Hornqvist122400%0:00 Josh BrownMatt Dumba122400%0:00
4 vs 4 Forward
Line #CenterWingPHYDFOFWanted %Time %Time Play
1Jack McBainLawson Crouse122600%0:00
2Nick BjugstadPatric Hornqvist122400%0:00
4 vs 4 Defense
Line #DefensePHYDFOFWanted %Time %Time Play
1Sean DurziJosh Brown122600%0:00
2J.J. MoserJuuso Valimaki122400%0:00
Last Minutes Offensive
Left WingCenterRight WingDefenseDefense
Matias MaccelliNick SchmaltzPatric HornqvistSean DurziJ.J. Moser
Last Minutes Defensive
Left WingCenterRight WingDefenseDefense
Jason ZuckerNick BjugstadPatric HornqvistSean DurziJ.J. Moser
Time
Total ForwardTotal DefenseLast Minutes OffensiveLast Minutes Defensive
60:00 60:00 0:000:00
Extra Forwards
Normal PowerPlayPenalty Kill
Matias Maccelli, Barrett Hayton, Jack McBainMatias Maccelli, Barrett HaytonJack McBain
Extra Defensemen
Normal PowerPlayPenalty Kill
Matt Dumba, Victor Soderstrom, J.J. MoserMatt Dumba, Victor SoderstromJ.J. Moser
Penalty Shots
Patric Hornqvist, Nick Schmaltz, Lawson Crouse, Jason Zucker, Nick Bjugstad
Goalie
Karel Vejmelka, Connor Ingram
Custom OT Lines Forwards
Patric Hornqvist, Nick Schmaltz, Lawson Crouse, Jason Zucker, Nick Bjugstad, Matias Maccelli, Barrett Hayton, Jack McBain, Jakub Voracek, Travis Boyd
Custom OT Lines Defensemen
Sean Durzi, Josh Brown, J.J. Moser, Juuso Valimaki, Matt Dumba
Scratches
Clayton Keller (Back Spasms Injury), Troy Stecher (Healthy), Anton Khudobin (Healthy)

Edmonton Oilers

5 vs 5 Forward
Line #Left WingCenterRight WingPHYDFOFWanted %Time %Time Play
1Zach HymanLeon DraisaitlMattias Janmark1224039%19:10
2Evander KaneConnor McDavidAdam Erne1223031%15:00
3Warren FoegeleRyan Nugent-HopkinsDerek Ryan1222026%12:47
4Adam ErneMattias JanmarkLeon Draisaitl122104%1:58
5 vs 5 Defense
Line #DefenseDefensePHYDFOFWanted %Time %Time Play
1Darnell NurseMattias Ekholm1224040%19:34
2Evan BouchardCody Ceci1223033%16:03
3Brett KulakVincent Desharnais1222022%10:50
4Darnell NurseMattias Ekholm122105%2:28
Power Play Forward
Line #Left WingCenterRight WingPHYDFOFWanted %Time %Time Play
1Zach HymanLeon DraisaitlMattias Janmark1226051%4:41
2Evander KaneConnor McDavidAdam Erne1224049%4:25
Power Play Defense
Line #DefenseDefensePHYDFOFWanted %Time %Time Play
1Darnell NurseMattias Ekholm1226059%5:20
2Evan BouchardCody Ceci1224041%3:46
Penalty Kill 4 Players Forward
Line #CenterWingPHYDFOFWanted %Time %Time Play
1Leon DraisaitlConnor McDavid1226074%1:28
2Ryan Nugent-HopkinsZach Hyman1224026%0:31
Penalty Kill 4 Players Defense
Line #DefenseDefensePHYDFOFWanted %Time %Time Play
1Darnell NurseMattias Ekholm1226046%0:55
2Evan BouchardCody Ceci1224054%1:04
Penalty Kill 3 Players
Line #WingPHYDFOFWanted %Time %Time PlayDefenseDefensePHYDFOFWanted %Time %Time Play
1Leon Draisaitl122600%0:00 Darnell NurseMattias Ekholm122600%0:00
2Connor McDavid122400%0:00 Evan BouchardCody Ceci122400%0:00
4 vs 4 Forward
Line #CenterWingPHYDFOFWanted %Time %Time Play
1Leon DraisaitlConnor McDavid122600%0:00
2Ryan Nugent-HopkinsZach Hyman122400%0:00
4 vs 4 Defense
Line #DefensePHYDFOFWanted %Time %Time Play
1Darnell NurseMattias Ekholm122600%0:00
2Evan BouchardCody Ceci122400%0:00
Last Minutes Offensive
Left WingCenterRight WingDefenseDefense
Zach HymanLeon DraisaitlMattias JanmarkDarnell NurseMattias Ekholm
Last Minutes Defensive
Left WingCenterRight WingDefenseDefense
Zach HymanLeon DraisaitlMattias JanmarkDarnell NurseMattias Ekholm
Time
Total ForwardTotal DefenseLast Minutes OffensiveLast Minutes Defensive
60:00 60:00 0:000:00
Extra Forwards
Normal PowerPlayPenalty Kill
Ryan McLeod, Sam Gagner, Brad MaloneRyan McLeod, Sam GagnerBrad Malone
Extra Defensemen
Normal PowerPlayPenalty Kill
Brett Kulak, Vincent Desharnais, Evan BouchardBrett Kulak, Vincent DesharnaisEvan Bouchard
Penalty Shots
Leon Draisaitl, Connor McDavid, Ryan Nugent-Hopkins, Zach Hyman, Evander Kane
Goalie
Stuart Skinner, Jack Campbell
Custom OT Lines Forwards
Leon Draisaitl, Connor McDavid, Ryan Nugent-Hopkins, Zach Hyman, Evander Kane, Warren Foegele, Mattias Janmark, Adam Erne, Derek Ryan, Ryan McLeod
Custom OT Lines Defensemen
Darnell Nurse, Mattias Ekholm, Evan Bouchard, Cody Ceci, Brett Kulak
Scratches
None


Play-by-Play

1st period


0:01 of 1st period - Nick Schmaltz wins face-off versus Leon Draisaitl in neutral zone.
0:28 of 1st period - Lawson Crouse is hit by Darnell Nurse and loses puck.
0:51 of 1st period - Jason Zucker is hit by Evander Kane and loses puck.
1:46 of 1st period - Snap shot by Matias Maccelli.
1:46 of 1st period - Shot Blocked by Brett Kulak.
2:26 of 1st period - Jason Zucker is hit by Darnell Nurse and loses puck.
3:03 of 1st period - Wrist shot by Jakub Voracek.
3:03 of 1st period - Stopped by Stuart Skinner with a rebound.
3:05 of 1st period - Snap shot by Matt Dumba.
3:05 of 1st period - Shot Blocked by Evan Bouchard.
3:09 of 1st period - Snap shot by Nick Bjugstad.
3:09 of 1st period - Shot Misses the Net.
4:04 of 1st period - Wrist shot by Dylan Guenther.
4:04 of 1st period - Stopped by Stuart Skinner without a rebound.
4:05 of 1st period - Ryan Nugent-Hopkins wins face-off versus Jack McBain in Edmonton Oilers zone.
4:10 of 1st period - Jason Zucker is hit by Mattias Ekholm and loses puck.
4:17 of 1st period - Warren Foegele is hit by Jack McBain.
5:13 of 1st period - Wrist shot by Jason Zucker.
5:13 of 1st period - Stopped by Stuart Skinner without a rebound.
5:14 of 1st period - Ryan Nugent-Hopkins wins face-off versus Jason Zucker in Edmonton Oilers zone.
5:55 of 1st period - Slapshot by Ryan Nugent-Hopkins.
5:55 of 1st period - Shot Hit the Post.
5:57 of 1st period - Wrist shot by Warren Foegele.
5:57 of 1st period - Shot Misses the Net.
5:59 of 1st period - Wrist shot by Warren Foegele.
5:59 of 1st period - Shot Blocked by Lawson Crouse.
6:01 of 1st period - Slapshot by Mattias Ekholm.
6:01 of 1st period - Stopped by Karel Vejmelka with a rebound.
6:03 of 1st period - Wrist shot by Derek Ryan.
6:03 of 1st period - Shot Blocked by Sean Durzi.
6:27 of 1st period - Wrist shot by Warren Foegele.
6:27 of 1st period - Stopped by Karel Vejmelka without a rebound.
6:28 of 1st period - Nick Schmaltz wins face-off versus Leon Draisaitl in Arizona Coyotes zone.
7:14 of 1st period - Icing by Liam O'Brien.
7:15 of 1st period - Mattias Janmark wins face-off versus Dylan Guenther in Arizona Coyotes zone.
7:26 of 1st period - Wrist shot by Leon Draisaitl.
7:26 of 1st period - Stopped by Karel Vejmelka with a rebound.
7:28 of 1st period - Slapshot by Leon Draisaitl.
7:28 of 1st period - Shot Misses the Net.
7:40 of 1st period - Connor McDavid is hit by Juuso Valimaki and loses puck.
8:52 of 1st period - Backhand shot by Jason Zucker.
8:52 of 1st period - Shot Blocked by Cody Ceci.
9:50 of 1st period - Wrist shot by Jason Zucker.
9:50 of 1st period - Stopped by Stuart Skinner without a rebound.
9:51 of 1st period - Jack McBain wins face-off versus Connor McDavid in Edmonton Oilers zone.
10:00 of 1st period - Adam Erne is hit by Jack McBain and loses puck.
10:21 of 1st period - Brett Kulak is hit by Juuso Valimaki and loses puck.
10:52 of 1st period - Slapshot by J.J. Moser.
10:52 of 1st period - Deflect By Nick Bjugstad.
10:52 of 1st period - Shot Blocked by Brett Kulak.
10:52 of 1st period - Puck is out of play.
10:53 of 1st period - Connor McDavid wins face-off versus Nick Schmaltz in Edmonton Oilers zone.
10:53 of 1st period - Connor McDavid is hit by Sean Durzi.
11:09 of 1st period - Wrist shot by Evander Kane.
11:09 of 1st period - Shot Misses the Net.
11:15 of 1st period - Minor Penalty to Sean Durzi for Cross-checking.
11:16 of 1st period - Leon Draisaitl wins face-off versus Patric Hornqvist in Arizona Coyotes zone.
11:33 of 1st period - Wrist shot by Leon Draisaitl.
11:33 of 1st period - Deflect By Zach Hyman.
11:33 of 1st period - Shot Misses the Net.
11:33 of 1st period - Puck is out of play.
11:34 of 1st period - Connor McDavid wins face-off versus Patric Hornqvist in Arizona Coyotes zone.
12:29 of 1st period - Wrist shot by Lawson Crouse.
12:29 of 1st period - Stopped by Stuart Skinner without a rebound.
12:30 of 1st period - Leon Draisaitl wins face-off versus Jack McBain in Edmonton Oilers zone.
13:15 of 1st period - Penalty to Sean Durzi is over, Sean Durzi is back on ice.
13:57 of 1st period - Wrist shot by Dylan Guenther.
13:57 of 1st period - Shot Misses the Net.
13:59 of 1st period - Backhand shot by Sean Durzi.
13:59 of 1st period - Shot Misses the Net.
14:01 of 1st period - Snap shot by Dylan Guenther.
14:01 of 1st period - Deflect By Jason Zucker.
14:01 of 1st period - Stopped by Stuart Skinner without a rebound.
14:02 of 1st period - Leon Draisaitl wins face-off versus Matias Maccelli in Edmonton Oilers zone.
14:19 of 1st period - Slapshot by Zach Hyman.
14:19 of 1st period - Shot Misses the Net.
14:51 of 1st period - Derek Ryan is hit by Sean Durzi and loses puck.
14:59 of 1st period - Off-side.
15:00 of 1st period - Leon Draisaitl wins face-off versus Barrett Hayton in neutral zone.
15:07 of 1st period - Snap shot by Zach Hyman.
15:07 of 1st period - Stopped by Karel Vejmelka with a rebound.
15:09 of 1st period - Wrist shot by Leon Draisaitl.
15:09 of 1st period - Stopped by Karel Vejmelka without a rebound.
15:10 of 1st period - Barrett Hayton wins face-off versus Leon Draisaitl in Arizona Coyotes zone.
15:53 of 1st period - Snap shot by Lawson Crouse.
15:53 of 1st period - Stopped by Stuart Skinner with a rebound.
15:55 of 1st period - Slapshot by Matt Dumba.
15:55 of 1st period - Stopped by Stuart Skinner with a rebound.
15:57 of 1st period - Snap shot by Barrett Hayton.
15:57 of 1st period - Stopped by Stuart Skinner with a rebound.
15:59 of 1st period - Snap shot by Barrett Hayton.
15:59 of 1st period - Stopped by Stuart Skinner without a rebound.
16:00 of 1st period - Connor McDavid wins face-off versus Nick Schmaltz in Edmonton Oilers zone.
16:11 of 1st period - Wrist shot by Evander Kane.
16:11 of 1st period - Stopped by Karel Vejmelka with a rebound.
16:15 of 1st period - Wrist shot by Connor McDavid.
16:15 of 1st period - Shot Misses the Net.
16:17 of 1st period - Wrist shot by Connor McDavid.
16:17 of 1st period - Goal by Connor McDavid - Arizona Coyotes : 0 - Edmonton Oilers : 1.
16:18 of 1st period - Nick Schmaltz wins face-off versus Leon Draisaitl in neutral zone.
17:07 of 1st period - Slapshot by Darnell Nurse.
17:07 of 1st period - Stopped by Karel Vejmelka without a rebound.
17:08 of 1st period - Ryan Nugent-Hopkins wins face-off versus Jack McBain in Arizona Coyotes zone.
17:15 of 1st period - Snap shot by Jason Zucker.
17:15 of 1st period - Stopped by Stuart Skinner with a rebound.
17:17 of 1st period - Snap shot by Jack McBain.
17:17 of 1st period - Shot Misses the Net.
17:19 of 1st period - Slapshot by Victor Soderstrom.
17:19 of 1st period - Stopped by Stuart Skinner with a rebound.
17:21 of 1st period - Slapshot by Victor Soderstrom.
17:21 of 1st period - Shot Misses the Net.
17:31 of 1st period - Snap shot by Dylan Guenther.
17:31 of 1st period - Stopped by Stuart Skinner without a rebound.
17:32 of 1st period - Leon Draisaitl wins face-off versus Nick Schmaltz in Edmonton Oilers zone.
17:39 of 1st period - Wrist shot by Zach Hyman.
17:39 of 1st period - Stopped by Karel Vejmelka without a rebound.
17:40 of 1st period - Leon Draisaitl wins face-off versus Nick Schmaltz in Arizona Coyotes zone.
17:41 of 1st period - Wrist shot by Zach Hyman.
17:41 of 1st period - Stopped by Karel Vejmelka without a rebound.
17:42 of 1st period - Leon Draisaitl wins face-off versus Nick Schmaltz in Arizona Coyotes zone.
17:43 of 1st period - Wrist shot by Zach Hyman.
17:43 of 1st period - Stopped by Karel Vejmelka without a rebound.
17:44 of 1st period - Mattias Janmark wins face-off versus Patric Hornqvist in Arizona Coyotes zone.
17:49 of 1st period - Snap shot by Mattias Janmark.
17:49 of 1st period - Shot Blocked by Sean Durzi.
17:51 of 1st period - Snap shot by Mattias Janmark.
17:51 of 1st period - Shot Blocked by J.J. Moser.
17:53 of 1st period - Snap shot by Mattias Ekholm.
17:53 of 1st period - Deflect By Nick Schmaltz.
17:53 of 1st period - Stopped by Karel Vejmelka without a rebound.
17:54 of 1st period - Mattias Janmark wins face-off versus Nick Schmaltz in Arizona Coyotes zone.
18:15 of 1st period - Slapshot by Darnell Nurse.
18:15 of 1st period - Shot Blocked by Sean Durzi.
18:23 of 1st period - Sean Durzi is hit by Mattias Ekholm and loses puck.
19:15 of 1st period - Minor Penalty to Darnell Nurse for Elbowing.
19:16 of 1st period - Brad Malone wins face-off versus Barrett Hayton in Edmonton Oilers zone.
19:24 of 1st period - Cody Ceci is hit by Liam O'Brien and loses puck.
19:53 of 1st period - Vincent Desharnais is hit by Jason Zucker and loses puck.
Goals for this period are 0 for Arizona Coyotes vs 1 for Edmonton Oilers.
Shots for this period are 13 for Arizona Coyotes vs 12 for Edmonton Oilers.

2nd period


0:01 of 2nd period - Leon Draisaitl wins face-off versus Matias Maccelli in neutral zone.
1:15 of 2nd period - Penalty to Darnell Nurse is over, Darnell Nurse is back on ice.
1:30 of 2nd period - Jakub Voracek is hit by Vincent Desharnais and loses puck.
1:45 of 2nd period - Jack McBain is hit by Zach Hyman.
1:59 of 2nd period - Snap shot by Lawson Crouse.
1:59 of 2nd period - Stopped by Stuart Skinner without a rebound.
2:00 of 2nd period - Connor McDavid wins face-off versus Barrett Hayton in Edmonton Oilers zone.
2:00 of 2nd period - Connor McDavid is hit by Matt Dumba.
2:08 of 2nd period - Wrist shot by Barrett Hayton.
2:08 of 2nd period - Stopped by Stuart Skinner without a rebound.
2:09 of 2nd period - Leon Draisaitl wins face-off versus Nick Schmaltz in Edmonton Oilers zone.
2:15 of 2nd period - Josh Brown is hit by Zach Hyman and loses puck.
3:05 of 2nd period - Snap shot by Dylan Guenther.
3:05 of 2nd period - Stopped by Stuart Skinner without a rebound.
3:06 of 2nd period - Leon Draisaitl wins face-off versus Nick Schmaltz in Edmonton Oilers zone.
3:15 of 2nd period - Slapshot by Zach Hyman.
3:15 of 2nd period - Stopped by Karel Vejmelka without a rebound.
3:16 of 2nd period - Leon Draisaitl wins face-off versus Nick Schmaltz in Arizona Coyotes zone.
3:46 of 2nd period - Minor Penalty to Nick Schmaltz for Holding.
3:47 of 2nd period - Leon Draisaitl wins face-off versus Patric Hornqvist in Arizona Coyotes zone.
5:12 of 2nd period - Wrist shot by Barrett Hayton.
5:12 of 2nd period - Stopped by Stuart Skinner with a rebound.
5:14 of 2nd period - Snap shot by J.J. Moser.
5:14 of 2nd period - Deflect By Barrett Hayton.
5:14 of 2nd period - Shot Misses the Net.
5:14 of 2nd period - Puck is out of play.
5:15 of 2nd period - Connor McDavid wins face-off versus Barrett Hayton in Edmonton Oilers zone.
5:46 of 2nd period - Penalty to Nick Schmaltz is over, Nick Schmaltz is back on ice.
5:54 of 2nd period - Snap shot by Nick Schmaltz.
5:54 of 2nd period - Stopped by Stuart Skinner without a rebound.
5:55 of 2nd period - Nick Bjugstad wins face-off versus Ryan Nugent-Hopkins in Edmonton Oilers zone.
5:56 of 2nd period - Slapshot by Sean Durzi.
5:56 of 2nd period - Shot Misses the Net.
6:49 of 2nd period - Slapshot by Zach Hyman.
6:49 of 2nd period - Shot Blocked by Jack McBain.
6:51 of 2nd period - Snap shot by Zach Hyman.
6:51 of 2nd period - Stopped by Karel Vejmelka with a rebound.
6:53 of 2nd period - Snap shot by Leon Draisaitl.
6:53 of 2nd period - Shot Hit the Post.
7:11 of 2nd period - Wrist shot by Matias Maccelli.
7:11 of 2nd period - Shot Misses the Net.
9:05 of 2nd period - Wrist shot by Jack McBain.
9:05 of 2nd period - Goal by Jack McBain - Arizona Coyotes : 1 - Edmonton Oilers : 1.
9:06 of 2nd period - Nick Schmaltz wins face-off versus Connor McDavid in neutral zone.
9:36 of 2nd period - Off-side.
9:37 of 2nd period - Leon Draisaitl wins face-off versus Barrett Hayton in neutral zone.
10:01 of 2nd period - Snap shot by Travis Boyd.
10:01 of 2nd period - Deflect By Lawson Crouse.
10:01 of 2nd period - Stopped by Stuart Skinner with a rebound.
10:09 of 2nd period - Icing by Matt Dumba.
10:10 of 2nd period - Connor McDavid wins face-off versus Barrett Hayton in Arizona Coyotes zone.
11:09 of 2nd period - Josh Brown is hit by Darnell Nurse.
11:29 of 2nd period - Matt Dumba is hit by Adam Erne and loses puck.
12:18 of 2nd period - Ryan Nugent-Hopkins is hit by Jack McBain and loses puck.
13:10 of 2nd period - Matias Maccelli is hit by Leon Draisaitl.
13:36 of 2nd period - Evander Kane is hit by Barrett Hayton and loses puck.
13:51 of 2nd period - Wrist shot by Nick Bjugstad.
13:51 of 2nd period - Stopped by Stuart Skinner without a rebound.
13:52 of 2nd period - Leon Draisaitl wins face-off versus Nick Bjugstad in Edmonton Oilers zone.
14:07 of 2nd period - Evan Bouchard is hit by Liam O'Brien and loses puck.
14:20 of 2nd period - Matias Maccelli is hit by Warren Foegele and loses puck.
15:08 of 2nd period - Minor Penalty to Sean Durzi for Holding.
15:09 of 2nd period - Leon Draisaitl wins face-off versus Patric Hornqvist in Arizona Coyotes zone.
15:10 of 2nd period - Wrist shot by Zach Hyman.
15:10 of 2nd period - Shot Misses the Net.
15:12 of 2nd period - Wrist shot by Zach Hyman.
15:12 of 2nd period - Deflect By Leon Draisaitl.
15:12 of 2nd period - Stopped by Karel Vejmelka with a rebound.
15:14 of 2nd period - Slapshot by Mattias Ekholm.
15:14 of 2nd period - Deflect By Leon Draisaitl.
15:14 of 2nd period - Shot Misses the Net.
15:14 of 2nd period - Puck is out of play.
15:15 of 2nd period - Zach Hyman wins face-off versus Patric Hornqvist in Arizona Coyotes zone.
15:20 of 2nd period - Snap shot by Leon Draisaitl.
15:20 of 2nd period - Shot Misses the Net.
15:22 of 2nd period - Snap shot by Leon Draisaitl.
15:22 of 2nd period - Shot Misses the Net.
15:24 of 2nd period - Snap shot by Mattias Janmark.
15:24 of 2nd period - Deflect By J.J. Moser.
15:24 of 2nd period - Shot Misses the Net.
15:24 of 2nd period - Puck is out of play.
15:25 of 2nd period - Patric Hornqvist wins face-off versus Leon Draisaitl in Arizona Coyotes zone.
15:25 of 2nd period - Patric Hornqvist is hit by Leon Draisaitl.
16:18 of 2nd period - Snap shot by Evander Kane.
16:18 of 2nd period - Goal by Evander Kane - Arizona Coyotes : 1 - Edmonton Oilers : 2.
16:19 of 2nd period - Leon Draisaitl wins face-off versus Nick Schmaltz in neutral zone.
16:22 of 2nd period - Backhand shot by Zach Hyman.
16:22 of 2nd period - Shot Misses the Net.
16:52 of 2nd period - Snap shot by Dylan Guenther.
16:52 of 2nd period - Deflect By Leon Draisaitl.
16:52 of 2nd period - Stopped by Stuart Skinner with a rebound.
16:54 of 2nd period - Wrist shot by Jack McBain.
16:54 of 2nd period - Deflect By Jason Zucker.
16:54 of 2nd period - Stopped by Stuart Skinner without a rebound.
16:55 of 2nd period - Jack McBain wins face-off versus Connor McDavid in Edmonton Oilers zone.
17:18 of 2nd period - Minor Penalty to Jack McBain for High sticking.
17:19 of 2nd period - Mattias Janmark wins face-off versus Patric Hornqvist in Arizona Coyotes zone.
18:14 of 2nd period - Matt Dumba is hit by Zach Hyman and loses puck.
18:49 of 2nd period - Cody Ceci is hit by Lawson Crouse and loses puck.
19:18 of 2nd period - Penalty to Jack McBain is over, Jack McBain is back on ice.
19:18 of 2nd period - Evan Bouchard is hit by Josh Brown and loses puck.
19:25 of 2nd period - Jack McBain is hit by Mattias Janmark and loses puck.
19:56 of 2nd period - Wrist shot by Jack McBain.
19:56 of 2nd period - Stopped by Stuart Skinner without a rebound.
19:57 of 2nd period - Ryan Nugent-Hopkins wins face-off versus Nick Schmaltz in Edmonton Oilers zone.
Goals for this period are 1 for Arizona Coyotes vs 1 for Edmonton Oilers.
Shots for this period are 11 for Arizona Coyotes vs 4 for Edmonton Oilers.

3rd period


0:01 of 3rd period - Nick Schmaltz wins face-off versus Leon Draisaitl in neutral zone.
0:08 of 3rd period - Wrist shot by Nick Schmaltz.
0:08 of 3rd period - Stopped by Stuart Skinner with a rebound.
0:10 of 3rd period - Slapshot by J.J. Moser.
0:10 of 3rd period - Shot Misses the Net.
0:26 of 3rd period - Connor McDavid is hit by Sean Durzi and loses puck.
1:35 of 3rd period - Evan Bouchard is hit by Liam O'Brien and loses puck.
1:42 of 3rd period - Wrist shot by Nick Bjugstad.
1:42 of 3rd period - Stopped by Stuart Skinner without a rebound.
1:43 of 3rd period - Connor McDavid wins face-off versus Nick Schmaltz in Edmonton Oilers zone.
1:43 of 3rd period - Connor McDavid is hit by Nick Schmaltz.
1:58 of 3rd period - Icing by J.J. Moser.
1:59 of 3rd period - Leon Draisaitl wins face-off versus Nick Schmaltz in Arizona Coyotes zone.
2:06 of 3rd period - Mattias Janmark is hit by Patric Hornqvist and loses puck.
2:35 of 3rd period - Wrist shot by Matias Maccelli.
2:35 of 3rd period - Stopped by Stuart Skinner without a rebound.
2:36 of 3rd period - Connor McDavid wins face-off versus Travis Boyd in Edmonton Oilers zone.
3:13 of 3rd period - Snap shot by Dylan Guenther.
3:13 of 3rd period - Stopped by Stuart Skinner without a rebound.
3:14 of 3rd period - Leon Draisaitl wins face-off versus Nick Schmaltz in Edmonton Oilers zone.
3:41 of 3rd period - Evander Kane is hit by Sean Durzi and loses puck.
4:00 of 3rd period - Icing by J.J. Moser.
4:01 of 3rd period - Jack McBain wins face-off versus Ryan Nugent-Hopkins in Arizona Coyotes zone.
4:01 of 3rd period - Jack McBain is hit by Mattias Ekholm.
4:09 of 3rd period - Slapshot by Warren Foegele.
4:09 of 3rd period - Shot Misses the Net.
4:11 of 3rd period - Wrist shot by Warren Foegele.
4:11 of 3rd period - Shot Blocked by Sean Durzi.
4:13 of 3rd period - Snap shot by Warren Foegele.
4:13 of 3rd period - Stopped by Karel Vejmelka without a rebound.
4:14 of 3rd period - Leon Draisaitl wins face-off versus Nick Schmaltz in Arizona Coyotes zone.
4:41 of 3rd period - Barrett Hayton is hit by Connor McDavid and loses puck.
4:46 of 3rd period - Snap shot by Connor McDavid.
4:46 of 3rd period - Stopped by Karel Vejmelka with a rebound.
5:04 of 3rd period - Sean Durzi is hit by Cody Ceci and loses puck.
5:13 of 3rd period - Wrist shot by Dylan Guenther.
5:13 of 3rd period - Shot Blocked by Evan Bouchard.
5:15 of 3rd period - Slapshot by J.J. Moser.
5:15 of 3rd period - Stopped by Stuart Skinner with a rebound.
5:29 of 3rd period - Snap shot by Nick Schmaltz.
5:29 of 3rd period - Shot Blocked by Evan Bouchard.
5:35 of 3rd period - Slapshot by Evan Bouchard.
5:35 of 3rd period - Shot Misses the Net.
5:37 of 3rd period - Snap shot by Cody Ceci.
5:37 of 3rd period - Deflect By Matias Maccelli.
5:37 of 3rd period - Stopped by Karel Vejmelka without a rebound.
5:38 of 3rd period - Leon Draisaitl wins face-off versus Barrett Hayton in Arizona Coyotes zone.
5:39 of 3rd period - Slapshot by Zach Hyman.
5:39 of 3rd period - Shot Misses the Net.
5:54 of 3rd period - Icing by J.J. Moser.
5:55 of 3rd period - Connor McDavid wins face-off versus Barrett Hayton in Arizona Coyotes zone.
6:10 of 3rd period - Snap shot by Travis Boyd.
6:10 of 3rd period - Stopped by Stuart Skinner without a rebound.
6:11 of 3rd period - Leon Draisaitl wins face-off versus Nick Schmaltz in Edmonton Oilers zone.
7:02 of 3rd period - Juuso Valimaki is hit by Warren Foegele and loses puck.
7:23 of 3rd period - Slapshot by Juuso Valimaki.
7:23 of 3rd period - Shot Misses the Net.
7:25 of 3rd period - Snap shot by Liam O'Brien.
7:25 of 3rd period - Shot Blocked by Cody Ceci.
7:27 of 3rd period - Wrist shot by Liam O'Brien.
7:27 of 3rd period - Stopped by Stuart Skinner without a rebound.
7:28 of 3rd period - Nick Bjugstad wins face-off versus Leon Draisaitl in Edmonton Oilers zone.
7:52 of 3rd period - Mattias Ekholm is hit by Jakub Voracek and loses puck.
8:01 of 3rd period - Slapshot by Darnell Nurse.
8:01 of 3rd period - Deflect By Jakub Voracek.
8:01 of 3rd period - Stopped by Karel Vejmelka without a rebound.
8:02 of 3rd period - Patric Hornqvist wins face-off versus Evander Kane in Arizona Coyotes zone.
8:20 of 3rd period - Off-side.
8:21 of 3rd period - Barrett Hayton wins face-off versus Leon Draisaitl in neutral zone.
8:51 of 3rd period - Minor Penalty to Josh Brown for Interference.
8:52 of 3rd period - Patric Hornqvist wins face-off versus Mattias Janmark in Arizona Coyotes zone.
8:52 of 3rd period - Patric Hornqvist is hit by Zach Hyman.
9:21 of 3rd period - Wrist shot by Barrett Hayton.
9:21 of 3rd period - Deflect By Travis Boyd.
9:21 of 3rd period - Stopped by Stuart Skinner without a rebound.
9:22 of 3rd period - Connor McDavid wins face-off versus Barrett Hayton in Edmonton Oilers zone.
9:59 of 3rd period - Snap shot by Zach Hyman.
9:59 of 3rd period - Deflect By Leon Draisaitl.
9:59 of 3rd period - Stopped by Karel Vejmelka with a rebound.
10:37 of 3rd period - Mattias Ekholm is hit by J.J. Moser and loses puck.
10:51 of 3rd period - Penalty to Josh Brown is over, Josh Brown is back on ice.
11:16 of 3rd period - Jason Zucker is hit by Vincent Desharnais and loses puck.
11:21 of 3rd period - Warren Foegele is hit by Juuso Valimaki and loses puck.
12:42 of 3rd period - Ryan Nugent-Hopkins is hit by Nick Bjugstad and loses puck.
12:49 of 3rd period - Matt Dumba is hit by Ryan Nugent-Hopkins and loses puck.
13:46 of 3rd period - Wrist shot by Travis Boyd.
13:46 of 3rd period - Stopped by Stuart Skinner without a rebound.
13:47 of 3rd period - Barrett Hayton wins face-off versus Connor McDavid in Edmonton Oilers zone.
13:58 of 3rd period - Snap shot by Travis Boyd.
13:58 of 3rd period - Shot Misses the Net.
14:00 of 3rd period - Slapshot by J.J. Moser.
14:00 of 3rd period - Shot Misses the Net.
14:02 of 3rd period - Snap shot by Barrett Hayton.
14:02 of 3rd period - Stopped by Stuart Skinner with a rebound.
14:04 of 3rd period - Slapshot by J.J. Moser.
14:04 of 3rd period - Deflect By Ryan Nugent-Hopkins.
14:04 of 3rd period - Stopped by Stuart Skinner without a rebound.
14:05 of 3rd period - Leon Draisaitl wins face-off versus Nick Schmaltz in Edmonton Oilers zone.
14:20 of 3rd period - Slapshot by Sean Durzi.
14:20 of 3rd period - Shot Misses the Net.
14:22 of 3rd period - Backhand shot by Matias Maccelli.
14:22 of 3rd period - Goal by Matias Maccelli - Arizona Coyotes : 2 - Edmonton Oilers : 2.
14:23 of 3rd period - Leon Draisaitl wins face-off versus Nick Schmaltz in neutral zone.
15:21 of 3rd period - Snap shot by Dylan Guenther.
15:21 of 3rd period - Stopped by Stuart Skinner without a rebound.
15:22 of 3rd period - Leon Draisaitl wins face-off versus Nick Schmaltz in Edmonton Oilers zone.
15:27 of 3rd period - Slapshot by Evan Bouchard.
15:27 of 3rd period - Stopped by Karel Vejmelka with a rebound.
15:29 of 3rd period - Slapshot by Cody Ceci.
15:29 of 3rd period - Shot Blocked by Matias Maccelli.
15:31 of 3rd period - Slapshot by Evan Bouchard.
15:31 of 3rd period - Stopped by Karel Vejmelka without a rebound.
15:32 of 3rd period - Leon Draisaitl wins face-off versus Nick Schmaltz in Arizona Coyotes zone.
15:43 of 3rd period - Wrist shot by Nick Schmaltz.
15:43 of 3rd period - Shot Hit the Post.
15:53 of 3rd period - Snap shot by Zach Hyman.
15:53 of 3rd period - Shot Misses the Net.
16:09 of 3rd period - Slapshot by Matias Maccelli.
16:09 of 3rd period - Stopped by Stuart Skinner with a rebound.
16:34 of 3rd period - Wrist shot by Nick Schmaltz.
16:34 of 3rd period - Stopped by Stuart Skinner without a rebound.
16:35 of 3rd period - Connor McDavid wins face-off versus Jack McBain in Edmonton Oilers zone.
16:35 of 3rd period - Connor McDavid is hit by Jason Zucker.
16:59 of 3rd period - Jason Zucker is hit by Adam Erne and loses puck.
17:12 of 3rd period - Snap shot by Evander Kane.
17:12 of 3rd period - Shot Misses the Net.
17:14 of 3rd period - Slapshot by Darnell Nurse.
17:14 of 3rd period - Stopped by Karel Vejmelka with a rebound.
17:16 of 3rd period - Wrist shot by Adam Erne.
17:16 of 3rd period - Shot Misses the Net.
17:18 of 3rd period - Slapshot by Darnell Nurse.
17:18 of 3rd period - Deflect By Connor McDavid.
17:18 of 3rd period - Stopped by Karel Vejmelka with a rebound.
17:20 of 3rd period - Wrist shot by Connor McDavid.
17:20 of 3rd period - Shot Misses the Net.
17:22 of 3rd period - Snap shot by Darnell Nurse.
17:22 of 3rd period - Shot Misses the Net.
17:24 of 3rd period - Wrist shot by Adam Erne.
17:24 of 3rd period - Shot Misses the Net.
17:26 of 3rd period - Slapshot by Mattias Ekholm.
17:26 of 3rd period - Stopped by Karel Vejmelka without a rebound.
17:27 of 3rd period - Barrett Hayton wins face-off versus Ryan Nugent-Hopkins in Arizona Coyotes zone.
17:44 of 3rd period - Slapshot by Lawson Crouse.
17:44 of 3rd period - Stopped by Stuart Skinner without a rebound.
17:45 of 3rd period - Leon Draisaitl wins face-off versus Nick Schmaltz in Edmonton Oilers zone.
18:02 of 3rd period - Wrist shot by Zach Hyman.
18:02 of 3rd period - Stopped by Karel Vejmelka with a rebound.
19:17 of 3rd period - Mattias Ekholm is hit by Jack McBain and loses puck.
19:26 of 3rd period - Slapshot by Dylan Guenther.
19:26 of 3rd period - Shot Misses the Net.
19:32 of 3rd period - Snap shot by Jason Zucker.
19:32 of 3rd period - Stopped by Stuart Skinner without a rebound.
19:33 of 3rd period - Connor McDavid wins face-off versus Barrett Hayton in Edmonton Oilers zone.
Goals for this period are 1 for Arizona Coyotes vs 0 for Edmonton Oilers.
Shots for this period are 17 for Arizona Coyotes vs 11 for Edmonton Oilers.

Overtime #1


0:01 of 1st overtime period - Nick Schmaltz wins face-off versus Leon Draisaitl in neutral zone.
0:06 of 1st overtime period - Snap shot by Nick Schmaltz.
0:06 of 1st overtime period - Deflect By Patric Hornqvist.
0:06 of 1st overtime period - Shot Misses the Net.
0:06 of 1st overtime period - Puck is out of play.
0:07 of 1st overtime period - Leon Draisaitl wins face-off versus Nick Schmaltz in Edmonton Oilers zone.
0:07 of 1st overtime period - Leon Draisaitl is hit by Nick Schmaltz.
0:39 of 1st overtime period - Slapshot by Sean Durzi.
0:39 of 1st overtime period - Stopped by Stuart Skinner without a rebound.
0:40 of 1st overtime period - Leon Draisaitl wins face-off versus Lawson Crouse in Edmonton Oilers zone.
1:10 of 1st overtime period - Snap shot by Nick Schmaltz.
1:10 of 1st overtime period - Shot Misses the Net.
1:16 of 1st overtime period - Sean Durzi is hit by Darnell Nurse and loses puck.
1:46 of 1st overtime period - Icing by Mattias Ekholm.
1:47 of 1st overtime period - Leon Draisaitl wins face-off versus Lawson Crouse in Edmonton Oilers zone.
2:30 of 1st overtime period - Wrist shot by Jason Zucker.
2:30 of 1st overtime period - Shot Misses the Net.
2:32 of 1st overtime period - Slapshot by J.J. Moser.
2:32 of 1st overtime period - Deflect By Evander Kane.
2:32 of 1st overtime period - Stopped by Stuart Skinner with a rebound.
2:36 of 1st overtime period - Snap shot by Jason Zucker.
2:36 of 1st overtime period - Shot Misses the Net.
3:34 of 1st overtime period - Evan Bouchard is hit by Matias Maccelli and loses puck.
3:59 of 1st overtime period - Lawson Crouse is hit by Warren Foegele and loses puck.
4:06 of 1st overtime period - Wrist shot by Evander Kane.
4:06 of 1st overtime period - Shot Misses the Net.
Goals for this period are 0 for Arizona Coyotes vs 0 for Edmonton Oilers.
Shots for this period are 2 for Arizona Coyotes vs 0 for Edmonton Oilers.

ShootOut


5:00 of 1st overtime period - Round #1.
5:00 of 1st overtime period - Arizona Coyotes, Patric Hornqvist.
5:00 of 1st overtime period - Deke by Patric Hornqvist.
5:00 of 1st overtime period - Stopped by Stuart Skinner.
5:00 of 1st overtime period - Edmonton Oilers, Leon Draisaitl.
5:00 of 1st overtime period - Deke by Leon Draisaitl.
5:00 of 1st overtime period - Stopped by Karel Vejmelka.
5:00 of 1st overtime period - Round #2.
5:00 of 1st overtime period - Arizona Coyotes, Nick Schmaltz.
5:00 of 1st overtime period - Wrist shot by Nick Schmaltz.
5:00 of 1st overtime period - Stopped by Stuart Skinner.
5:00 of 1st overtime period - Edmonton Oilers, Connor McDavid.
5:00 of 1st overtime period - Deke by Connor McDavid.
5:00 of 1st overtime period - Stopped by Karel Vejmelka.
5:00 of 1st overtime period - Round #3.
5:00 of 1st overtime period - Arizona Coyotes, Lawson Crouse.
5:00 of 1st overtime period - Wrist shot by Lawson Crouse.
5:00 of 1st overtime period - Stopped by Stuart Skinner.
5:00 of 1st overtime period - Edmonton Oilers, Ryan Nugent-Hopkins.
5:00 of 1st overtime period - Wrist shot by Ryan Nugent-Hopkins.
5:00 of 1st overtime period - Stopped by Karel Vejmelka.
5:00 of 1st overtime period - Round #4.
5:00 of 1st overtime period - Arizona Coyotes, Jason Zucker.
5:00 of 1st overtime period - Deke by Jason Zucker.
5:00 of 1st overtime period - Shot Misses the Net.
5:00 of 1st overtime period - Edmonton Oilers, Zach Hyman.
5:00 of 1st overtime period - Snap shot by Zach Hyman.
5:00 of 1st overtime period - Shot Misses the Net.
5:00 of 1st overtime period - Round #5.
5:00 of 1st overtime period - Arizona Coyotes, Nick Bjugstad.
5:00 of 1st overtime period - Snap shot by Nick Bjugstad.
5:00 of 1st overtime period - Goal by Nick Bjugstad.
5:00 of 1st overtime period - Edmonton Oilers, Evander Kane.
5:00 of 1st overtime period - Backhand shot by Evander Kane.
5:00 of 1st overtime period - Stopped by Karel Vejmelka.